 Dungeon Crawl Stone Soup version 0.19.0-22-gd96e5fe (webtiles) character file.

2580 dvd the Grave Robber (level 9, -2/63 HPs)
             Began as a Demonspawn Necromancer on Nov 19, 2016.
             Was a High Priest of Jiyva.
             Slain by an orc warrior
             ... wielding a +0 trident
              (15 damage)
             ... on level 9 of the Dungeon.
             The game lasted 00:28:41 (9378 turns).

dvd the Grave Robber (Demonspawn Necromancer)       Turns: 9378, Time: 00:28:42

Health: -2/63      AC:  6    Str: 10    XL:     9   Next: 32%
Magic:  1/18       EV: 14    Int: 17    God:    Jiyva [*****.]
Gold:   295        SH:  4    Dex: 15    Spells: 6 memorised, 4 levels left

rFire  + . .     SeeInvis .     O - +2 whip (elec)
rCold  . . .     Gourm    .     a - +0 robe
rNeg   . . .     Faith    .     (no shield)
rPois  .         Spirit   .     j - +0 helmet
rElec  .         Reflect  .     (no cloak)
rCorr  +         Harm     .     y - +2 pair of gloves
MR     .....                    (no boots)
Stlth  +++++.....               (no amulet)
                                (no ring)
                                (no ring)

@: regenerating (expiring)
A: large bone plates 1, agile 1, dopey 1, fire resistance 1, nightstalker 2,
sense surroundings 1, acidic bite
a: Request Jelly, Slimify, Cure Bad Mutation, Renounce Religion


You were on level 9 of the Dungeon.
You worshipped Jiyva.
Jiyva was extremely pleased with you.
You were completely stuffed.

You visited 2 branches of the dungeon, and saw 10 of its levels.

You collected 295 gold pieces.

Inventory:

Hand Weapons
 e - a +0 dagger
 n - a +0 whip
 D - a +0 morningstar
 O - a +2 whip of electrocution (weapon)
 Q - a +0 hand axe
Armour
 a - a +0 robe (worn)
 d - a +1 pair of gloves
 h - a +0 ring mail
 j - a +0 helmet (worn)
 y - a +2 pair of gloves (worn)
 P - a +1 chain mail of fire resistance
Jewellery
 F - an uncursed ring of stealth {unknown}
Wands
 r - a wand of disintegration (23/24)
Scrolls
 k - 8 scrolls of identify
 l - a scroll of recharging
 p - a scroll of fear {unknown}
 t - 3 scrolls of teleportation {unknown}
 u - 2 scrolls of enchant weapon {unknown}
 v - 2 scrolls of random uselessness
 x - a scroll of fog {unknown}
 C - 2 scrolls of remove curse
 M - a scroll of enchant armour
 N - a scroll of blinking
Potions
 f - 2 potions of agility
 i - 2 potions of curing
 m - a potion of cancellation {unknown}
 o - a potion of lignification {unknown}
 s - 2 potions of haste {unknown}
 w - a potion of heal wounds {unknown}
 z - a potion of flight {unknown}
 A - a potion of might {unknown}
 B - a potion of cure mutation {unknown}
 G - a potion of magic {unknown}
 K - a potion of degeneration {unknown}
 L - a potion of brilliance {unknown}
Books
 b - a book of Necromancy

   Spells                             Type                      Level
   a - Pain                           Necromancy                   1
   b - Animate Skeleton               Necromancy                   1
   c - Vampiric Draining              Necromancy                   3
   d - Regeneration                   Charms/Necromancy            3
   e - Animate Dead                   Necromancy                   4
   f - Control Undead                 Necromancy                   4
 E - a book of Callings

   Spells                             Type                      Level
   a - Summon Small Mammal            Summoning                    1
   b - Call Imp                       Summoning                    2
   c - Call Canine Familiar           Summoning                    3
   d - Summon Guardian Golem          Hexes/Summoning              3
   e - Summon Lightning Spire         Summoning/Air                4
   f - Summon Ice Beast               Ice/Summoning                4
Comestibles
 c - 3 bread rations
 g - 2 slices of pizza
 q - a royal jelly
 H - 3 meat rations
 I - 2 fruits
 J - 3 beef jerkies


   Skills:
 + Level 3.1 Fighting
 + Level 0.1 Short Blades
 + Level 5.6 Maces & Flails
 + Level 3.9 Dodging
 + Level 4.2 Stealth
 + Level 6.3 Spellcasting
 + Level 0.3 Charms
 + Level 1.0 Summonings
 + Level 7.7 Necromancy


You had 4 spell levels left.
You knew the following spells:

 Your Spells              Type           Power        Failure   Level  Hunger
a - Pain                  Necr           ####         1%          1    None
b - Vampiric Draining     Necr           ####......   1%          3    ##.....
c - Regeneration          Chrm/Necr      ###.......   10%         3    ##.....
d - Animate Dead          Necr           N/A          8%          4    ####...
e - Call Imp              Summ           #.......     14%         2    None
f - Call Canine Familiar  Summ           #.......     24%         3    ##.....


Dungeon Overview and Level Annotations

Branches:
Dungeon (9/15)             Temple (1/1) D:5
   Lair: D:8-11         Orc: D:9-12

Altars:
Ashenzari
Cheibriados
Dithmenos
Elyvilon
Fedhas
Gozag
Hepliaklqana
Kikubaaqudgha
Makhleb
Nemelex Xobeh
Okawaru
Qazlal
Ru
Sif Muna
Trog
Uskayaw
Vehumet
Xom
Yredelemnul
Zin
The Shining One
Jiyva

Shops:
D:6 !


Innate Abilities, Weirdness & Mutations

You are partially covered in large bone plates. (SH +4)
Your flesh is heat resistant. (rF+)
You are significantly more attuned to the shadows.
You are agile. (Dex +2)
You are dopey. (Int -2)
You passively map a small area around you.
You have acidic saliva.


Message History

Jiyva appreciates your sacrifice.
You feel a little less hungry.
You feel better.
Casting: Vampiric Draining
Confirm with . or Enter, or press ? or * to list all spells.
Your skin crawls.
The orc warrior closely misses you.
Unknown command.
An orc comes into view.
It is wielding a warped halberd {drain}.
The orc warrior hits you with a trident!
* * * LOW HITPOINT WARNING * * *
Unknown command.
Casting: Regeneration
Confirm with . or Enter, or press ? or * to list all spells.
Aiming: Vampiric Draining
Press: ? - help, Shift-Dir - straight line, f - orc warrior
Aim: an orc warrior, wielding a trident and wearing a chain mail (heavily wounded)
The orc warrior is almost dead.
You feel life coursing into your body.
Your skin is crawling a little less now.
The orc warrior hits you with a trident!
You die...

#..#
#...............
#..#
#..............,
#..# ,
#.............
#..#
#............
#..#
#..........., ,
#..# #..........
, #..# *
#......... #..#
#.o....... #..#
#.@......., #..#
,,* #......... ,
, #..#
#.....o... #..#
#......... , ,
#..# ,
#......... ,, ,
* #..# *
#......J. #..#
#....... , #..#
, , #..# * , ,,


You could see an orc warrior, an orc and a neutral jelly (fellow slime).

Vanquished Creatures
  Pikel (D:7)
  A hippogriff (D:9)
  A wyvern (D:7)
  A water moccasin (D:6)
  2 ice beasts
  3 ogres
  A phantom (D:4)
  3 centaurs
  A crocodile (D:9)
  A bullfrog (D:9)
  A wyvern skeleton (D:7)
  A scorpion (D:9)
  2 howler monkeys (D:6)
  4 orc wizards
  3 hounds
  2 orc priests (D:9)
  An iguana (D:4)
  3 worker ants
  A hound zombie (D:9)
  A howler monkey skeleton (D:4)
  3 gnolls (D:6)
  10 adders
  2 shadow imps
  2 oozes
  An adder skeleton (D:6)
  2 worms (D:3)
  4 dart slugs
  A leopard gecko (D:8)
  18 orcs
  4 giant cockroaches
  12 hobgoblins
  5 jackals
  7 kobolds
  A quokka (D:3)
  A ball python (D:3)
  10 bats
  4 frilled lizards
  4 goblins
  A leopard gecko skeleton (D:4)
  43 rats
169 creatures vanquished.

Vanquished Creatures (collateral kills)
  An orc warrior (D:9)
  An orc (D:9)
2 creatures vanquished.

Vanquished Creatures (others)
  A phantom (D:5)
  A sky beast (D:6)
  A black bear (D:6)
  An orc warrior (D:6)
  A centaur (D:8)
  A bullfrog (D:8)
  15 jellies
  A howler monkey (D:5)
  3 crimson imps
  An orc wizard (D:9)
  An orc priest (D:6)
  A hound (D:6)
  An iguana (D:9)
  4 worker ants
  A killer bee zombie (D:9)
  A hound zombie (D:5)
  A worker ant zombie (D:7)
  2 adders (D:7)
  A shadow imp (D:8)
  A leopard gecko (D:6)
  8 orcs
  A goblin (D:6)
  A jackal zombie (D:6)
  4 toadstools (D:1)
54 creatures vanquished.

Grand Total: 225 creatures vanquished

Notes
Turn   | Place    | Note
-------+----------+-------------------------------------------
     0 | D:1      | dvd the Demonspawn Necromancer began the quest for the Orb.
     0 | D:1      | Reached XP level 1. HP: 13/13 MP: 3/3
   449 | D:1      | Gained mutation: Your flesh is heat resistant. (rF+) [demonic ancestry]
   449 | D:1      | Reached XP level 2. HP: 17/19 MP: 0/5
  1255 | D:1      | Reached skill level 5 in Necromancy
  1330 | D:1      | Reached XP level 3. HP: 15/24 MP: 1/7
  1512 | D:1      | Learned a level 3 spell: Vampiric Draining
  1526 | D:1      | Learned a level 3 spell: Regeneration
  2108 | D:2      | Gained mutation: You are slightly more attuned to the shadows. [demonic ancestry]
  2108 | D:2      | Reached XP level 4. HP: 27/30 MP: 0/8
  3479 | D:3      | Gained mutation: You are significantly more attuned to the shadows. [demonic ancestry]
  3479 | D:3      | Reached XP level 5. HP: 30/36 MP: 8/10
  3590 | D:3      | Learned a level 4 spell: Animate Dead
  3755 | D:4      | Reached skill level 1 in Maces & Flails
  4013 | D:4      | Noticed an ogre
  4090 | D:4      | Killed an ogre
  4090 | D:4      | Gained mutation: You are partially covered in large bone plates. (SH +4) [demonic ancestry]
  4090 | D:4      | Reached XP level 6. HP: 20/42 MP: 0/12
  4472 | D:4      | Learned a level 2 spell: Call Imp
  4806 | D:4      | Reached skill level 1 in Fighting
  4806 | D:4      | Reached skill level 6 in Necromancy
  5110 | D:4      | Found a faded altar of an unknown god.
  5113 | D:4      | Found a faded altar of an unknown god.
  5121 | D:4      | Found a deep blue altar of Sif Muna.
  5124 | D:4      | Found a faded altar of an unknown god.
  5130 | D:4      | Found a faded altar of an unknown god.
  5136 | D:4      | Became a worshipper of Jiyva Joigred the Shapeless
  5136 | D:4      | Reached * piety under Jiyva
  5444 | D:5      | Entered Level 5 of the Dungeon
  5555 | D:5      | Found a staircase to the Ecumenical Temple.
  5911 | D:5      | Reached XP level 7. HP: 41/48 MP: 6/13
  6220 | D:5      | Reached skill level 1 in Summonings
  6427 | Temple   | Entered the Ecumenical Temple
  6724 | D:6      | Reached ** piety under Jiyva
  6773 | D:6      | Found Xaumeiri's Distillery.
  7037 | D:6      | Reached *** piety under Jiyva
  7040 | D:6      | Reached skill level 5 in Spellcasting
  7419 | D:6      | Found a radiant altar of Vehumet.
  7433 | D:6      | Found a shadowy altar of Dithmenos.
  7777 | D:7      | Gained mutation: You have acidic saliva. [Jiyva's grace]
  7777 | D:7      | Reached **** piety under Jiyva
  7826 | D:7      | Reached XP level 8. HP: 56/56 MP: 15/15
  8087 | D:7      | Noticed Pikel
  8107 | D:7      | Killed Pikel
  8107 | D:7      | Reached skill level 5 in Maces & Flails
  8443 | D:8      | Reached skill level 7 in Necromancy
  8487 | D:8      | Gained mutation: You passively map a small area around you. [Jiyva's grace]
  8530 | D:8      | Reached ***** piety under Jiyva
  8734 | D:8      | Gained mutation: You are dopey. (Int -2) [Jiyva's grace]
  9021 | D:9      | Reached XP level 9. HP: 43/62 MP: 12/17
  9132 | D:9      | Found a runed door.
  9139 | D:9      | Learned a level 3 spell: Call Canine Familiar
  9227 | D:9      | Gained mutation: You are agile. (Dex +2) [Jiyva's grace]
  9357 | D:9      | HP: 1/63 [orc warrior/trident (13)]
  9378 | D:9      | Slain by an orc warrior

Skill      XL: |  1  2  3  4  5  6  7  8  9 |
---------------+----------------------------+-----
Necromancy     | 5 6 7 |  7.7
Spellcasting   | 3 4 5 6 |  6.3
Dodging        | 2 3 |  3.9
Maces & Flails | 1 2 3 5 |  5.6
Stealth        | 2 3 4 |  4.2
Fighting       | 1 2 3 |  3.1
Summonings     | 1 |  1.0
Short Blades   | |  0.1
Charms         | |  0.3

Action                   |  1- 3 |  4- 6 |  7- 9 || total
-------------------------+-------+-------+-------++-------
Melee: Dagger            |    26 |       |       ||    26
       Whip              |     1 |   118 |    67 ||   186
       Morningstar       |       |   105 |    96 ||   201
       Bite              |       |       |     8 ||     8
 Cast: Pain              |    76 |    64 |    18 ||   158
       Vampiric Draining |     1 |    16 |    32 ||    49
       Regeneration      |       |     3 |     3 ||     6
       Call Imp          |       |     8 |       ||     8
       Animate Dead      |       |     1 |     1 ||     2
       Call Canine Famil |       |       |     2 ||     2
Invok: Request Jelly     |       |     1 |       ||     1
  Use: Scroll            |     4 |       |     3 ||     7
 Stab: Sleeping          |       |    18 |     7 ||    25
       Distracted        |       |     2 |       ||     2
  Eat: Chunk             |     4 |    15 |     4 ||    23
Armor: Robe              |    15 |    59 |    39 ||   113
Dodge: Dodged            |    23 |   139 |   125 ||   287
Block: Other             |       |    13 |    33 ||    46
